 Dungeon Crawl Stone Soup version 0.29-a0-1065-g47a6bb87d6 (webtiles) character file.

Game seed: 15220914021096455968

115 slphil the Chopper (level 5, 0/46 HPs)
             Began as a Hill Orc Abyssal Knight on Aug 18, 2022.
             Was a Priest of Lugonu.
             Slain by a gnoll bouda
             ... wielding a +0 club
              (1 damage)
             ... on level 4 of the Dungeon.
             The game lasted 00:05:11 (2980 turns).

slphil the Chopper (Hill Orc Abyssal Knight)        Turns: 2980, Time: 00:05:11

Health: 0/46       AC:  9    Str: 18    XL:     5   Next: 0%
Magic:  7/7        EV:  7    Int: 10    God:    Lugonu [***...]
Gold:   199        SH:  3    Dex: 11    Spells: 4/4 levels left

rFire   + . .      SeeInvis .   a - +1 hand axe
rCold   + . .      Faith    .   n - +0 buckler
rNeg    . . .      Spirit   .   m - +0 chain mail
rPois   .          Reflect  .   (no helmet)
rElec   .          Harm     .   (no cloak)
rCorr   .          Rampage  .   (no gloves)
Will    .....                   (no boots)
Stlth   ..........              (no amulet)
HPRegen 0.15/turn               j - ring of protection from cold
MPRegen 0.10/turn               c - ring of protection from fire

@: weakened
A: no striking features
a: Renounce Religion, Depart the Abyss, Bend Space, Banish


You were on level 4 of the Dungeon.
You worshipped Lugonu.
Lugonu was most pleased with you.
You visited 1 branch of the dungeon, and saw 4 of its levels.
You visited the Abyss 1 time.

You collected 199 gold pieces.

Inventory:

Hand Weapons
 a - a +1 hand axe (weapon)
Armour
 b - a +0 leather armour
 m - a +0 chain mail (worn)
 n - a +0 buckler (worn)
 s - a +3 leather armour
Jewellery
 c - a ring of protection from fire (right hand)
 j - a ring of protection from cold (left hand)
Scrolls
 f - 2 scrolls of fear {unknown}
 g - a scroll of vulnerability {unknown}
 h - 4 scrolls of enchant weapon {unknown}
 i - a scroll of blinking {unknown}
 k - 5 scrolls of identify {unknown}
 l - a scroll of immolation {unknown}
 p - a scroll of silence {unknown}
 q - 2 scrolls of teleportation {unknown}
 r - a scroll of noise {unknown}
Potions
 d - a potion of ambrosia {unknown}
 e - a potion of flight {unknown}
 o - a potion of heal wounds {unknown}


   Skills:
 + Level 4.2 Fighting
 * Level 4.5 Axes
 + Level 3.1 Armour
 - Level 0.7 Dodging
 + Level 1.1 Shields
 + Level 3.4 Invocations


You had 4 spell levels left.
You didn't know any spells.
Your spell library was empty.

Dungeon Overview and Level Annotations

Branches:
Dungeon (4/15)
 Temple: D:4-7

Altars:
Dithmenos
Gozag
Wu Jian
Zin

Shops:
D:3 *

Annotations:
D:3 2 runed translucent doors, testman's ghost, amateur DsGl


Message History

You hit the gnoll bouda but do no damage.
The gnoll bouda is heavily wounded.
You closely miss the gnoll.
The gnoll bouda hits you but does no damage.
The gnoll hits you but does no damage.
You hit the gnoll bouda but do no damage.
The gnoll bouda is heavily wounded.
You barely miss the gnoll.
The gnoll bouda hits you with a +0 club.
The gnoll hits you but does no damage.
You closely miss the gnoll bouda.
The gnoll bouda is heavily wounded.
You hit the gnoll.
The gnoll bouda hits you with a +0 club!
The gnoll hits you with a +0 spear.
* * * LOW HITPOINT WARNING * * *
You hit the gnoll bouda.
The gnoll bouda is almost dead.
You hit the gnoll.
The gnoll bouda hits you with a +0 club.
* * * LOW HITPOINT WARNING * * *
The gnoll hits you with a +0 spear.
* * * LOW HITPOINT WARNING * * *
You hit the gnoll bouda.
The gnoll bouda is almost dead.
You hit the gnoll.
You kill the gnoll!
Lugonu accepts your kill.
The gnoll bouda gazes fiercely through you!
You feel your attacks grow feeble.
The gnoll bouda hits you with a +0 club.
* * * LOW HITPOINT WARNING * * *
You have reached level 5!
You feel stronger.
You hit the gnoll bouda but do no damage.
The gnoll bouda is almost dead.
The gnoll bouda gazes fiercely through you!
You feel as though you will be weak longer.
The gnoll bouda hits you with a +0 club.
You die...

## #######
...##.....##
...........##
............#
.......)g...#
.......)@...#
........<...#
.<.....)....#
g...........#
..............
...##..[..#.....
### ##..#####...
#?.# #.. ... ..


You could see a gnoll bouda.

Vanquished Creatures
  4 gnolls
  3 adders
  A dart slug (D:1)
  4 orcs (D:3)
  6 endoplasms
  6 goblins
  3 hobgoblins
  5 kobolds
  2 ball pythons
  2 bats
  6 frilled lizards
  4 rats
46 creatures vanquished.

Vanquished Creatures (others)
  13 plants (D:3)
13 creatures vanquished.

Grand Total: 59 creatures vanquished

Notes
Turn   | Place    | Note
-------+----------+-------------------------------------------
     0 | Abyss:1  | slphil the Hill Orc Abyssal Knight began the quest for the
                  | Orb.
     0 | Abyss:1  | Reached XP level 1. HP: 19/19 MP: 2/2
     1 | D:1      | Escaped the Abyss
   403 | D:1      | Reached XP level 2. HP: 21/27 MP: 3/3
  1349 | D:2      | Reached XP level 3. HP: 24/33 MP: 5/5
  1823 | D:3      | Found an opulent altar of Gozag.
  1831 | D:3      | Found Zin's Purification Station.
  1841 | D:3      | Found a glowing silver altar of Zin.
  1848 | D:3      | Found a shadowy altar of Dithmenos.
  1907 | D:3      | Found an ornate altar of the Wu Jian Council.
  1941 | D:3      | Found a runed translucent door.
  1942 | D:3      | Noticed a bullfrog
  1943 | D:3      | Noticed testman's ghost (amateur DsGl)
  2027 | D:3      | Found a runed translucent door.
  2057 | D:3      | Upgraded the game from 0.29-a0-1052-g6990b1bffc to
                  | 0.29-a0-1065-g47a6bb87d6
  2121 | D:3      | Found a faded altar of an unknown god.
  2171 | D:3      | Reached XP level 4. HP: 31/40 MP: 6/6
  2296 | D:3      | Reached *** piety under Lugonu
  2729 | D:3      | Reached skill level 1 in Shields
  2978 | D:4      | HP: 2/40 [gnoll/+0 spear[a gnoll bouda] (5)]
  2980 | D:4      | Reached XP level 5. HP: 1/46 MP: 7/7
  2980 | D:4      | Slain by a gnoll bouda

Illustrated notes

Levels and vault maps discovered:
D:1:      nicolae_arrival_somewhat_less_tricky_arrival, layout_basic
D:2:      layout_rooms, kennysheep_generic_room_9
D:3:      layout_loops_cross, amcnicky_altar_gilded, zin_purify,
          mainiacjoe_overflow_catch_the_wave, ebering_ghost_sewer_f,
          ebering_ecumenical_altar_webs
D:4:      layout_rooms, mainiacjoe_overflow_brackets, chequers_arboretum

Skill      XL: |  1  2  3  4 |
---------------+-------------+-----
Axes           | 3 4 |  4.5
Fighting       | 4 |  4.2
Invocations    | 3 |  3.4
Armour         | 3 |  3.1
Shields        | 1 |  1.1
Dodging        | |  0.7

Action                   |  1- 3 |  4- 6 || total
-------------------------+-------+-------++-------
Melee: Hand axe          |    94 |    58 ||   152
Armor: Leather armour    |    15 |       ||    15
       Chain mail        |    20 |    50 ||    70
Dodge: Dodged            |    36 |    28 ||    64
Block: Buckler           |     1 |    10 ||    11

Table legend: (Time is in decaauts)
 A = Elapsed time spent in this place.
 B = Non-inter-level travel time spent in this place.
 C = Inter-level travel time spent in this place.
 D = Time resting spent in this place.
 E = Time spent auto-exploring this place.
 F = Levels seen in this place.
 G = Mean time per level.
                   A        B        C        D        E       F      G
               +--------+--------+--------+--------+--------+-----+--------+
         Total |   3003 |   2881 |    122 |    228 |   2232 |   5 |  600.6 |
       Dungeon |   3002 |   2880 |    122 |    228 |   2232 |   4 |  750.5 |
         Abyss |      1 |      1 |      0 |      0 |      0 |   1 |    1.0 |
               +--------+--------+--------+--------+--------+-----+--------+

Top non-repeatable levels by time:
     D:1: 1223 daAuts
     D:3: 1148 daAuts
     D:2: 602 daAuts
     D:4: 27 daAuts
 Abyss:1: 1 daAuts
